Map: Efflorescence LE

Players

juanete

  • Race: Terran Terran

CodesG

  • Race: Protoss Protoss
  • League: Silver

Faust - Winner!

  • Race: Zerg Zerg

Throwfordays - Winner!

  • Race: Protoss Protoss
  • League: Silver

VOD

Have the link to the VOD?

Description

Time

  • Played on: Aug. 27, 2021, 1:53 p.m.
  • Length: 11:13
Show
View Real Time Build Order
Export as new Build Order

juanete Terran 

Build Orders: Mech 

Get SALT Encoding   

  12  0:00  SCV  
  13  0:18  Supply Depot  
  13  0:19  SCV  
  14  0:31  SCV  
  15  0:41  Barracks  
  15  0:43  SCV  
  15  0:49  Supply Depot  
  16  0:55  SCV  
  17  1:07  SCV  
  18  1:15  Refinery  
  18  1:28  Orbital Command  
  18  1:32  Marine  
  19  1:49  Marine, Command Center  
  20  1:58  SCV  
  21  2:10  SCV  
  21  2:11  Barracks Reactor  
  22  2:22  SCV  
  23  2:29  Refinery  
  23  2:34  SCV  
  24  2:46  SCV, Factory  
  24  2:49  Marine  
  24  2:50  Marine  
  27  2:58  SCV  
  27  3:02  Orbital Command  
  28  3:16  SCV  
  29  3:25  Marine x2  
  31  3:28  SCV  
  31  3:31  Factory Tech Lab  
  32  3:40  SCV  
  33  3:43  Marine x2  
  33  3:44  Engineering Bay  
  35  3:52  SCV  
  35  3:54  SCV  
  37  4:04  SCV  
  37  4:06  SCV  
  39  4:16  SCV  
  40  4:18  SCV  
  41  4:27  Marine x2  
  41  4:28  SCV  
  41  4:30  SCV  
  45  4:35  Armory  
  45  4:41  SCV  
  46  4:48  Supply Depot  
  46  4:53  Supply Depot  
  46  4:55  Refinery  
  46  5:09  Marine x2  
  46  5:10  SCV x2, Siege Tank  
  46  5:12  Supply Depot  
  53  5:17  Supply Depot  
  53  5:22  SCV x2  
  53  5:27  Marine x2  
  53  5:28  Terran Infantry Weapons Level 1  
  57  5:34  SCV x2  
  59  5:35  Supply Depot  
  59  5:41  Supply Depot, Factory  
  59  5:42  Siege Tank  
  62  5:46  SCV  
  63  5:52  Refinery  
  63  6:00  Supply Depot, SCV x2  
  65  6:06  Supply Depot  
  65  6:09  Marine x2  
  67  6:12  SCV x2  
  67  6:13  Thor  
  75  6:23  Supply Depot  
  75  6:27  Barracks  
  75  6:30  Supply Depot, SCV x2  
  77  6:42  SCV  
  78  6:52  Factory Tech Lab  
  78  6:53  Marine x2  
  78  6:54  Supply Depot  
  80  6:56  Thor  
  80  6:57  Command Center  
  86  7:11  Marine x2  
  86  7:12  Barracks  
  86  7:13  Barracks  
  86  7:14  Barracks  
  88  7:21  Thor  
  88  7:22  Terran Infantry Armor Level 1  
  94  7:28  Marine  
  95  7:36  Factory  
  95  7:39  Thor  
  101  7:45  Barracks Reactor  
  100  8:04  Thor  
  83  8:22  Thor  
  83  8:23  Planetary Fortress  
  87  8:40  Thor x2  
  85  8:44  Barracks Reactor  
  85  8:45  Barracks Reactor  
  85  8:51  SCV x2  
  87  9:03  SCV x2  
  87  9:05  Siege Tank  
  91  9:15  SCV x2  
  70  9:27  SCV  
  70  9:28  SCV  
  45  9:35  Marine x6  
  45  9:36  Marine x3  
  48  9:39  SCV  
  48  9:40  SCV  
  50  9:52  Marine  
  50  9:53  Marine x7  
  50  9:59  Factory Tech Lab  
  58  10:01  Hellbat  
  58  10:02  Thor  
  66  10:10  Factory  
  66  10:22  Thor  
  72  10:32  Barracks Reactor  
  72  10:33  Barracks  
  72  10:34  Barracks  
  72  10:37  Barracks  
  72  10:38  Marine x7  
  72  10:39  Marine  
  72  10:40  Barracks  
Show
View Real Time Build Order
Export as new Build Order

CodesG Protoss 

Build Orders:  

Get SALT Encoding   

  12  0:01  Probe  
  13  0:15  Pylon  
  13  0:19  Probe  
  14  0:35  Gateway  
  14  0:38  Probe  
  15  0:47  Assimilator  
  15  0:50  Probe  
  15  0:54  Assimilator  
  16  1:02  Probe  
  17  1:14  Probe  
  18  1:26  Cybernetics Core  
  18  1:27  Probe  
  18  1:30  Gateway  
  19  1:39  Probe  
  20  1:42  Zealot  
  22  1:51  Pylon, Probe  
  23  2:09  Probe  
  24  2:27  Probe  
  24  2:29  Nexus  
  25  2:32  Warp Gate  
  25  2:47  Stargate  
  25  2:49  Twilight Council  
  25  2:52  Probe  
  26  3:02  Sentry  
  26  3:03  Zealot  
  26  3:04  Probe  
  31  3:26  Pylon  
  31  3:29  Pylon  
  31  3:41  Stalker, Probe  
  32  3:53  Probe  
  31  4:04  Stalker  
  27  4:31  Probe (Chrono Boost)  
  24  4:39  Void Ray  
  24  4:42  Stalker, Probe (Chrono Boost)  
  31  4:46  Probe (Chrono Boost)  
  32  4:58  Probe (Chrono Boost)  
  29  5:00  Stalker  
  29  5:03  Probe (Chrono Boost)  
  33  5:14  Probe (Chrono Boost)  
  33  5:15  Probe (Chrono Boost)  
  33  5:16  Void Ray  
  33  5:19  Probe (Chrono Boost)  
  34  5:27  Stalker x2  
  42  5:29  Probe (Chrono Boost)  
  44  5:39  Probe (Chrono Boost)  
  44  5:40  Probe (Chrono Boost)  
  45  5:44  Probe (Chrono Boost)  
  45  5:46  Probe  
  47  5:52  Gateway  
  47  5:55  Probe  
  48  5:57  Gateway  
  48  5:58  Probe  
  49  6:08  Probe  
  50  6:13  Sentry  
  50  6:15  Zealot  
  54  6:20  Probe  
  55  6:28  Pylon  
  55  6:32  Pylon, Void Ray  
  55  6:36  Templar Archives  
  59  6:44  Probe (Chrono Boost)  
  61  6:55  Probe (Chrono Boost)  
  61  7:00  Probe (Chrono Boost)  
  62  7:10  Probe  
  63  7:16  Assimilator  
  63  7:20  Assimilator  
  63  7:23  Probe  
  64  7:36  Probe  
  65  7:39  Void Ray  
  65  7:48  Probe  
  65  7:50  Zealot  
  65  7:51  Zealot x2  
  74  7:52  Zealot  
  78  8:35  Probe  
  65  8:50  Probe  
  65  8:53  Stalker x2  
  54  9:02  Probe  
Show
View Real Time Build Order
Export as new Build Order

Faust Zerg - Winner!

Build Orders: Pool First 

Get SALT Encoding   

  12  0:00  Drone  
  13  0:08  Drone  
  14  0:15  Extractor  
  14  0:16  Drone  
  15  0:24  Overlord  
  15  0:40  Spawning Pool  
  14  0:43  Drone  
  14  0:46  Drone  
  16  0:52  Drone  
  17  1:15  Hatchery  
  16  1:19  Drone  
  16  1:23  Extractor  
  16  1:25  Drone  
  16  1:29  Overlord  
  17  1:49  Drone x2  
  17  1:51  Queen  
  21  2:01  Drone  
  22  2:03  Drone  
  23  2:23  Zergling x2  
  23  2:24  Zergling x2  
  23  2:27  Queen, Metabolic Boost  
  23  2:28  Overlord  
  27  2:38  Zergling x2  
  27  2:39  Zergling x2  
  29  3:01  Hatchery  
  28  3:07  Queen  
  28  3:10  Queen  
  32  3:13  Drone  
  33  3:25  Drone x3  
  33  3:26  Drone  
  37  3:32  Drone x2  
  39  3:36  Drone  
  36  4:10  Lair  
  36  4:12  Drone x7  
  36  4:14  Extractor  
  36  4:15  Drone  
  43  4:17  Extractor  
  43  4:22  Queen  
  43  4:23  Overlord  
  44  4:28  Drone x3  
  47  4:47  Drone x3  
  47  4:48  Drone x3  
  47  4:51  Extractor, Drone x3  
  55  5:06  Drone x3  
  58  5:07  Overlord x2  
  58  5:08  Overlord  
  58  5:30  Spire  
  58  5:34  Drone x4  
  58  5:35  Drone, Evolution Chamber, Hydralisk Den  
  60  5:36  Drone x4  
  60  5:37  Drone x5  
  60  5:38  Evolution Chamber  
  68  5:51  Extractor  
  68  5:52  Drone x3  
  68  5:53  Extractor, Drone x2  
  71  5:58  Drone  
  72  6:05  Drone x4  
  76  6:15  Infestation Pit  
  76  6:16  Spore Crawler  
  74  6:19  Spore Crawler  
  74  6:21  Spore Crawler, Drone x4  
  74  6:24  Zerg Ground Armor Level 1, Zerg Missile Weapons Level 1  
  76  6:37  Overlord x2  
  76  6:38  Overlord  
  76  6:42  Zerg Flyer Weapons Level 1, Mutalisk  
  76  6:43  Mutalisk x2  
  82  6:56  Hatchery  
  82  7:00  Mutalisk x6  
  82  7:01  Mutalisk  
  95  7:15  Mutalisk  
  95  7:16  Mutalisk  
  95  7:17  Zergling x2  
  95  7:18  Zergling x12  
  106  7:24  Overlord x4  
  106  7:25  Overlord  
  107  7:43  Baneling Nest, Hive  
  106  7:44  Mutalisk x3  
  106  7:49  Hatchery, Drone  
  106  7:50  Drone x7  
  119  8:32  Mutalisk x7  
  133  8:38  Zergling x10  
  138  8:44  Zerg Melee Weapons Level 1  
  138  8:45  Zerg Flyer Weapons Level 2  
  134  9:00  Zergling x2  
  134  9:01  Zergling x10  
  133  9:11  Zergling x4  
  133  9:12  Zergling x2  
  136  9:23  Zergling x8  
  132  9:39  Extractor, Drone x3  
  132  9:41  Extractor  
  132  9:42  Drone  
  132  9:43  Queen  
  135  9:59  Zergling x2  
  136  10:00  Zergling x28  
  150  10:24  Mutalisk  
  152  10:32  Overlord x3  
  152  10:33  Overlord  
  152  10:44  Overlord x2  
Show
View Real Time Build Order
Export as new Build Order

Throwfordays Protoss - Winner!

Build Orders:  

Get SALT Encoding   

  12  0:00  Probe  
  13  0:13  Probe  
  14  0:19  Pylon  
  14  0:25  Probe  
  15  0:37  Probe  
  15  0:41  Gateway  
  16  0:46  Assimilator  
  16  0:49  Probe  
  17  1:01  Probe  
  18  1:13  Probe  
  19  1:25  Probe  
  19  1:29  Cybernetics Core  
  19  1:32  Zealot  
  22  1:37  Probe  
  23  1:42  Assimilator  
  23  1:47  Gateway  
  23  2:06  Pylon  
  23  2:18  Nexus  
  23  2:22  Warp Gate (Chrono Boost)  
  23  2:24  Pylon, Probe  
  24  2:36  Probe  
  25  2:37  Adept  
  25  2:41  Adept  
  29  3:01  Robotics Facility  
  29  3:12  Stargate  
  29  3:13  Stargate  
  29  3:17  Stargate  
  29  3:31  Probe (Chrono Boost)  
  30  3:40  Probe (Chrono Boost)  
  30  3:41  Probe (Chrono Boost)  
  32  3:46  Probe (Chrono Boost)  
  32  3:47  Probe  
  34  3:51  Assimilator  
  34  3:56  Assimilator  
  34  3:59  Probe  
  35  4:43  Void Ray x2  
  43  5:00  Probe  
  43  5:03  Probe  
  45  5:12  Probe  
  44  5:15  Probe  
  43  5:24  Void Ray, Stargate, Probe  
  43  5:25  Stargate  
  43  5:27  Probe  
  49  5:40  Probe  
  50  5:45  Probe  
  51  5:51  Pylon  
  51  5:52  Probe  
  51  5:53  Pylon  
  51  5:55  Pylon  
  52  5:57  Pylon, Probe  
  52  6:00  Pylon x2  
  52  6:02  Pylon  
  52  6:04  Void Ray, Probe  
  53  6:05  Void Ray  
  53  6:10  Probe  
  53  6:11  Void Ray  
  63  6:16  Probe  
  68  6:22  Probe  
  68  6:24  Void Ray  
  69  6:28  Probe  
  74  6:34  Probe  
  74  6:37  Nexus  
  75  6:43  Assimilator  
  75  6:46  Assimilator  
  75  6:50  Pylon  
  75  7:01  Probe  
  75  7:04  Probe  
  75  7:06  Void Ray  
  77  7:13  Probe  
  77  7:14  Void Ray  
  82  7:16  Probe  
  82  7:20  Void Ray  
  87  7:25  Probe  
  87  7:27  Void Ray  
  87  7:28  Probe  
  97  7:38  Probe  
  97  7:40  Probe  
  97  7:43  Protoss Air Weapons Level 1 (Chrono Boost)  
  99  7:48  Void Ray  
  99  7:49  Probe  
  99  7:50  Probe  
  101  7:52  Probe  
  106  8:01  Probe  
  106  8:04  Probe  
  108  8:07  Fleet Beacon  
  108  8:13  Probe  
  108  8:17  Void Ray  
  109  8:22  Void Ray  
  105  9:08  Void Ray x4  
  114  9:47  Zealot x2  
  114  9:49  Void Ray x3  
  130  10:04  Probe  
  131  10:08  Pylon  
  131  10:10  Pylon  
  131  10:12  Pylon  
  131  10:17  Probe  
  131  10:20  Void Ray  
  136  10:28  Void Ray  
  136  10:29  Void Ray x2, Probe  
Tags
 
Add a new tag
Caveats
  • Supply blocks, unpowered buildings, or Contaminate may cause inaccurate times.
  • Supply counts are checked every 10 seconds.